 Dungeon Crawl Stone Soup version 0.16.0-18-g484a79e (webtiles) character file.

72 Ironfoot the Ruffian (level 4, -6/44 HPs)
             Began as a Troll Monk on Mar 22, 2015.
             Was a Believer of Ashenzari.
             Killed from afar by Sigmund (11 damage)
             ... with a wand of flame
             ... on level 2 of the Dungeon.
             The game lasted 00:02:55 (1072 turns).

Ironfoot the Ruffian (Troll Monk)                   Turns: 1072, Time: 00:02:56

Health: -6/44      AC:  5    Str: 19    XL:     4   Next: 7%
Magic:  2/2        EV:  8    Int:  6    God:    Ashenzari [**....]
Gold:   76         SH:  8    Dex: 13    Spells: 0 memorised, 3 levels left

rFire  . . .     SeeInvis .       - Unarmed
rCold  . . .     Clarity  .     a - +0 robe
rNeg   . . .     SustAb   .     e - +0 shield
rPois  .         Gourm    +     (helmet restricted)
rElec  .         Spirit   .     (no cloak)
rCorr  .         Warding  .     (gloves unavailable)
rMut   .         Stasis   .     (boots unavailable)
MR     .....                    (no amulet)
Stlth  +.........               (no ring)
                                (no ring)

@: not resistant to hostile enchantments, very unstealthy
A: unfitting armour, claws 3, fast metabolism 3, gourmand, regeneration 2,
shaggy fur 1, tough skin 2
a: Renounce Religion


You were on level 2 of the Dungeon.
You worshipped Ashenzari.
Ashenzari was pleased with you.
You were completely stuffed.

You visited 1 branch of the dungeon, and saw 2 of its levels.

You collected 76 gold pieces.

Inventory:

Armour
 a - a +0 robe (worn)
 e - a +0 shield (worn)
Scrolls
 c - a scroll of enchant weapon {unknown}
 h - a scroll of magic mapping {unknown}
 i - a scroll of identify {unknown}
 k - a scroll of teleportation {unknown}
 l - a scroll of blinking {unknown}
Potions
 d - a potion of restore abilities {unknown}
 m - 2 potions of invisibility {unknown}
Comestibles
 b - 2 meat rations
 f - a bread ration
 g - 4 fruits
 j - 3 chunks of flesh


   Skills:
 - Level 2.4 Fighting
 - Level 2.4 Dodging
 - Level 1.1 Stealth
 + Level 2.6 Shields
 - Level 4.4 Unarmed Combat


You had 3 spell levels left.
You didn't know any spells.

Dungeon Overview and Level Annotations

Branches:
Dungeon (2/15)

Altars:
Ashenzari
Dithmenos

Annotations:
D:2 Sigmund, Terence


Innate Abilities, Weirdness & Mutations

You are too large for most types of armour.
You have claws for hands.
Your metabolism is lightning-fast.
You like to eat raw meat.
You heal very quickly.
You are covered in fur (AC +1).
You have very tough skin (AC +2).


Message History

The magic dart hits you!
You closely miss Sigmund.
Sigmund is heavily wounded.
You block the bat's attack. Sigmund gestures at you while chanting.
The puff of flame hits you!
* * * LOW HITPOINT WARNING * * *
You block the bat's attack.
You closely miss Sigmund.
Sigmund is heavily wounded.
The bat hits you but does no damage.
Sigmund zaps a wand.
The puff of flame hits you!
* * * LOW HITPOINT WARNING * * *
You completely miss Sigmund.
Sigmund is heavily wounded.
The bat closely misses you. The bat hits you but does no damage.
The kobold hits you with a short sword.
* * * LOW HITPOINT WARNING * * *
Sigmund zaps a wand.
The puff of flame hits you!
You die...

....###.# #.# **
... #...# #.# , ,
. #.###.### #..* *
* .#..####.##..#
##. ,
,_........##.## *.
, .#...###....# *
, ......(.#...####
*
....##.(.b....###
, *
#.....l@K..#...###
* *
####....@.<......#
, * ,
,#####..#..(.....#
........#.##.....#
##............#
##..#.##.###.. ,
###....# .. .
#......### ...
#.#.##...## #


You could see Sigmund (bleeding), a giant gecko, a bat and a kobold.

Vanquished Creatures
  An adder (D:2)
  3 gnolls (D:2)
  A giant gecko (D:1)
  An ooze (D:1)
  A giant cockroach (D:1)
  2 goblins (D:2)
  4 hobgoblins
  8 bats
  2 jackals (D:2)
  5 kobolds (D:1)
  6 rats
34 creatures vanquished.

Notes
Turn   | Place    | Note
--------------------------------------------------------------
     0 | D:1      | Ironfoot, the Troll Monk, began the quest for the Orb.
     0 | D:1      | Reached XP level 1. HP: 22/22 MP: 1/1
   256 | D:1      | Reached XP level 2. HP: 29/29 MP: 1/1
   480 | D:1      | Reached skill level 1 in Shields
   789 | D:2      | Reached XP level 3. HP: 36/36 MP: 2/2
   837 | D:2      | Noticed Sigmund
   837 | D:2      | Noticed Terence
   892 | D:2      | Found a shattered altar of Ashenzari.
   906 | D:2      | Became a worshipper of Ashenzari the Shackled
   906 | D:2      | Acquired Ashenzari's first power
   974 | D:2      | Reached XP level 4. HP: 33/44 MP: 2/2
  1056 | D:2      | Found a shadowy altar of Dithmenos.
  1072 | D:2      | Killed from afar by Sigmund

Action                   |  1- 3 |  4- 6 || total
-------------------------+-------+-------++-------
Melee: Unarmed           |    78 |    12 ||    90
 Stab: Sleeping          |     2 |       ||     2
  Eat: Chunk             |    14 |     1 ||    15
